 Dungeon Crawl Stone Soup version 0.26-a0-466-g989023bd0d (webtiles) character file.

Game seed: 2121248912542137164

152 bmfx the Firebug (level 5, -1/37 HPs)
             Began as a Palentonga Fire Elementalist on Aug 2, 2020.
             Slain by Natasha (8 damage)
             ... on level 3 of the Dungeon.
             The game lasted 00:06:14 (3689 turns).

bmfx the Firebug (Palentonga Fire Elementalist)     Turns: 3689, Time: 00:06:14

Health: -1/37      AC:  4    Str: 11    XL:     5   Next: 11%
Magic:  4/8        EV: 10    Int: 16    God:
Gold:   106        SH:  0    Dex: 11    Spells: 3/8 levels left

rFire    . . .     SeeInvis +   b - +2 spear
rCold    . . .     Faith    .   (no shield)
rNeg     . . .     Spirit   .   a - +0 robe
rPois    +         Reflect  .   (no helmet)
rElec    .         Harm     .   (no cloak)
rCorr    .                      (no gloves)
MR       .....                  (boots restricted)
Stlth    ++........             (no amulet)
HPRegen  0.12/turn              d - ring of poison resistance
MPRegen  0.11/turn              (no ring)

@: brilliant, slowed, very slow
A: large, rugged brown scales 3, see invisible, deformed body, roll, armoured
tail
a: Rolling Charge


You were on level 3 of the Dungeon.
You visited 1 branch of the dungeon, and saw 3 of its levels.

You collected 106 gold pieces.


Innate Abilities, Weirdness & Mutations

You are completely covered in rugged brown scales. (AC +3, +7% HP)
You have supernaturally acute eyesight. (SInv)
Armour fits poorly on your strangely shaped body.
You can roll at foes to attack.
You have a long armoured tail.

Dungeon Overview and Level Annotations

Branches:
Dungeon (3/15)

Altars:
Ashenzari

Annotations:
D:3 exclusion: iguana, Natasha


   Skills:
 - Level 1.5 Dodging
 - Level 1.2 Stealth
 - Level 2.4 Spellcasting
 * Level 3.2 Conjurations
 + Level 3.5 Fire Magic


You had 3 spell levels left.
You knew the following spells:

 Your Spells              Type           Power        Failure   Level
A - Foxfire               Conj/Fire      ###.         4%          1
B - Sticky Flame          Conj/Fire      ###.....     43%         4

Your spell library contained the following spells:

 Spells                   Type           Power        Failure   Level
 Conjure Flame            Conj/Fire      ###.....     14%         3
 Inner Flame              Hex/Fire       ##......     28%         3
 Fireball                 Conj/Fire      ###.......   80%         5

Action                   |  1- 3 |  4- 6 || total
-------------------------+-------+-------++-------
Melee: Spear             |    29 |     1 ||    30
 Cast: Foxfire           |    89 |    42 ||   131
  Use: Scroll            |     5 |     2 ||     7
       Potion            |     1 |     1 ||     2
Armor: Robe              |    15 |     9 ||    24
Dodge: Dodged            |    20 |     6 ||    26

Skill      XL: |  1  2  3  4 |
---------------+-------------+-----
Conjurations   | 1 2 3 |  3.2
Fire Magic     | 3 |  3.5
Dodging        | |  1.5
Stealth        | |  1.2
Spellcasting   | |  2.4

Inventory:

Hand Weapons
 b - a +2 spear (weapon)
Armour
 a - a +0 robe (worn)
Jewellery
 d - a ring of poison resistance (left hand)
Scrolls
 e - 2 scrolls of remove curse {@r4}
 j - 2 scrolls of magic mapping {unknown}
Potions
 c - a potion of ambrosia
 f - a potion of stabbing {unknown}
 g - a potion of resistance {unknown}
 h - a potion of magic {unknown}
 i - a potion of brilliance
 k - a potion of degeneration {unknown}

#......#.#
#.###..†..
####.#...##.#
##......####.#
#######.....###
#.#
.........####
#.# #####..##
..# #####†..##
### #...@h###
#.. ##.#####
#.# # #..# #.#
#..#####.## #.#
#........#
####.#
........##
#....#
....###...$.#
#.#### ...
###..h..# #.# .
g##.######
###.####


You could see Natasha.

Vanquished Creatures
  Jessica (D:2)
  Natasha (D:3)
  4 adders
  An ooze (D:1)
  A worm (D:1)
  2 dart slugs
  2 leopard geckos
  3 bats
  3 giant cockroaches
  6 goblins
  6 hobgoblins
  7 jackals (D:1)
  5 kobolds
  A quokka (D:2)
  A ball python (D:2)
  2 frilled lizards
  8 rats
54 creatures vanquished.

Vanquished Creatures (others)
  170 foxfires
170 creatures vanquished.

Grand Total: 224 creatures vanquished

Levels and vault maps discovered:
D:1:      heliophobic_arrival_battle_scene, layout_loops_ring
D:2:      layout_loops_ring, uniq_jessica
D:3:      layout_rooms, ashenzari_altar_1, uniq_natasha, uniq_ijyb


Message History

Casting: Foxfire (safe; 4% risk of failure)
Confirm with . or Enter, or press ? or * to list all spells.
You feel a surge of power!
You conjure some foxfire!
Natasha barely misses you.
The foxfire hits Natasha but does no damage.
Natasha is lightly wounded.
The foxfire hits Natasha.
Natasha is moderately wounded.
Natasha hisses.
Natasha claws you!
* * * LOW HITPOINT WARNING * * *
You see here the felid corpse of Natasha.
Casting: Foxfire (safe; 4% risk of failure)
Confirm with . or Enter, or press ? or * to list all spells.
You feel a surge of power!
You conjure some foxfire!
Natasha claws you.
* * * LOW HITPOINT WARNING * * *
Your foxfire dissipates!
The foxfire hits Natasha.
Natasha is severely wounded.
Natasha claws you!
You die...

Notes
Turn   | Place    | Note
-------+----------+-------------------------------------------
     0 | D:1      | bmfx the Palentonga Fire Elementalist began the quest for
                  | the Orb.
     0 | D:1      | Reached XP level 1. HP: 13/13 MP: 3/3
    29 | D:1      | Reached skill level 1 in Conjurations
   258 | D:1      | Reached XP level 2. HP: 15/20 MP: 0/5
   856 | D:1      | Reached XP level 3. HP: 25/25 MP: 3/6
  1276 | D:2      | Noticed Jessica
  2457 | D:2      | Reached XP level 4. HP: 32/32 MP: 1/7
  2463 | D:2      | Learned a level 4 spell: Sticky Flame
  2869 | D:2      | Killed Jessica
  3231 | D:3      | Found a shattered altar of Ashenzari.
  3647 | D:3      | Noticed Natasha
  3663 | D:3      | Killed Natasha
  3663 | D:3      | Reached XP level 5. HP: 14/37 MP: 3/8
  3683 | D:3      | Noticed Natasha
  3689 | D:3      | Slain by Natasha
